 Dungeon Sprint DCSS version 0.27-a0-1139-g28e009f8a6 (webtiles) character file.

Game seed: 13286839878387538981

253 Conn the Cutter (level 5, 0/55 HPs)
             Began as a Deep Dwarf Brigand on May 7, 2021.
             Slain by a neqoxec (8 damage)
             ... in the Dungeon (Sprint II: "The Violet Keep of Menkaure").
             The game lasted 00:03:13 (40 turns).

Conn the Cutter (Deep Dwarf Brigand)                  Turns: 40, Time: 00:03:13

Health: 0/55       AC:  2    Str: 15    XL:     5   Next: 90%
Magic:  5/5        EV: 13    Int: 12    God:
Gold:   0          SH:  0    Dex: 14    Spells: 4/4 levels left

rFire    . . .     SeeInvis .   a - +2 dagger
rCold    . . .     Faith    .   (no shield)
rNeg     . . .     Spirit   .   b - +0 robe
rPois    .         Reflect  .   (no helmet)
rElec    .         Harm     .   c - +0 cloak
rCorr    .         Rampage  .   (no gloves)
Will     .....     Rnd*Rage +   (no boots) Stlth +++.......NoTele +
                                (no amulet)
HPRegen  0.00/turn              (no ring)
MPRegen  0.09/turn              (no ring)

@: on berserk cooldown, hasted and slowed
A: damage resistance, heal wounds, sense surroundings 1, no regeneration,
berserk 1, deformed body, subdued magic 2
a: Heal Wounds


You were in the Dungeon.
You visited 1 branch

Inventory:

Hand Weapons
 a - a +2 dagger (weapon)
Missiles
 d - 8 poisoned darts (quivered)
Armour
 b - a +0 robe (worn)
 c - a +0 cloak (worn)
Scrolls
 k - a scroll of blinking
Potions
 i - 2 potions of magic


   Skills:
 + Level 6.2 Fighting
 + Level 7.3 Short Blades
 + Level 5.7 Throwing
 + Level 3.6 Dodging
 - Level 4.8 Stealth


You had 4 spell levels left.
You didn't know any spells.
Your spell library was empty.

Dungeon Overview and Level Annotations

Branches:
Dungeon (1/1)

Altars:


Innate Abilities, Weirdness & Mutations

You are resistant to damage.
You can heal yourself by infusing magical energy.
You passively map a small area around you.
You do not regenerate.
You tend to lose your temper in combat.
Armour fits poorly on your strangely shaped body.
Your spells are easier to cast, but less powerful.


Message History

Aim: a neqoxec (58% to hit)
You throw a curare-tipped dart.
The curare-tipped dart barely misses the neqoxec.
The curare-tipped dart closely misses the neqoxec.
The neqoxec barely misses you. The neqoxec gestures at you.
Something tries to feed on your intellect!
Throw: dart (curare)
Press: ? - help, Q - select action, (/) - cycle Shift-Dir - straight line, f/p - neqoxec
Aim: a neqoxec (58% to hit)
You throw a curare-tipped dart.
The curare-tipped dart barely misses the neqoxec.
The curare-tipped dart hits the neqoxec.
You hit the neqoxec.
The neqoxec is moderately wounded.
The neqoxec closely misses you.
You hit the neqoxec.
The neqoxec is heavily wounded.
The neqoxec hits you!
You closely miss the neqoxec.
The neqoxec is heavily wounded.
The neqoxec hits you!
* * * LOW HITPOINT WARNING * * *
You hit the neqoxec but do no damage.
The neqoxec is heavily wounded.
You hit the neqoxec but do no damage.
The neqoxec is heavily wounded.
The neqoxec hits you.
* * * LOW HITPOINT WARNING * * *
The neqoxec gestures at you.
Something tries to feed on your intellect!
You feel better. The neqoxec hits you!
* * * LOW HITPOINT WARNING * * *
Okay, then.
You hit the neqoxec but do no damage.
The neqoxec is heavily wounded.
You hit the neqoxec but do no damage.
The neqoxec is heavily wounded.
The neqoxec hits you!
You die...

* , * * ≈
,* ** * *
, ,,* * *
** ## **
#+#*#.# ,
,##.##.#,
+ +.<@33#
* ,
##.##..#*
≈ * #+#
#.# , * ,
## , ,, ≈
, * * *≈
, ≈ , ≈ ≈
* ≈ ≈ ≈ ≈
≈


You could see 2 neqoxecs.

Vanquished Creatures
  2 neqoxecs (D)
2 creatures vanquished.

Vanquished Creatures (others)
  A water moccasin (D)
1 creature vanquished.

Grand Total: 3 creatures vanquished

Notes
Turn   | Place    | Note
-------+----------+-------------------------------------------
     0 | D        | Conn the Deep Dwarf Brigand began the quest for the Orb.
     0 | D        | Reached XP level 1. HP: 19/19 MP: 1/1
     4 | D        | Noticed a neqoxec
     4 | D        | Noticed a neqoxec
     4 | D        | Noticed a neqoxec
     4 | D        | Noticed a neqoxec
     4 | D        | Gained mutation: You tend to lose your temper in combat. [a
                  | neqoxec]
     5 | D        | Gained mutation: Your spells are a little easier to cast,
                  | but a little less powerful. [a neqoxec]
     7 | D        | Gained mutation: Your spells are easier to cast, but less
                  | powerful. [a neqoxec]
     7 | D        | Gained mutation: Armour fits poorly on your strangely
                  | shaped body. [a neqoxec]
    17 | D        | Killed a water moccasin
    18 | D        | Killed a neqoxec
    19 | D        | Reached skill level 5 in Fighting
    19 | D        | Reached skill level 5 in Short Blades
    19 | D        | Reached XP level 2. HP: 18/32 MP: 2/2
    19 | D        | Reached XP level 3. HP: 22/39 MP: 3/3
    19 | D        | Reached XP level 4. HP: 27/46 MP: 4/4
    25 | D        | Killed a neqoxec
    26 | D        | Reached skill level 7 in Short Blades
    26 | D        | Reached skill level 5 in Throwing
    26 | D        | Reached XP level 5. HP: 32/55 MP: 5/5
    40 | D        | Slain by a neqoxec

Illustrated notes

Levels and vault maps discovered:
D:        the_violet_keep_of_menkaure [sprint2_stairs_cluster_1,
          sprint2_shoproom, sprint2_temple, sprint2_basic_supplies,
          sprint2_obstacle_5, sprint2_obstacle_3, sprint2_obstacle_7,
          sprint2_obstacle_1, sprint2_obstacle_4, sprint2_timed_cluster_1,
          sprint2_smallroom_cluster_1, sprint2_smallroom_final_cluster_1,
          sprint2_transparent_cluster_1, sprint2_second_timed_cluster_1,
          sprint2_sniper_area_1, sprint2_heavy_combat_area_1,
          sprint2_mutation_trap_area_1, sprint2_forest_area_1,
          sprint2_light_combat_area_1, sprint2_behind_water_1,
          sprint2_near_end_vault_1]

Skill      XL: |  1  2  3  4 |
---------------+-------------+-----
Fighting       | 5 6 |  6.2
Short Blades   | 5 7 |  7.3
Throwing       | 4 5 |  5.7
Dodging        | 2 3 |  3.6
Stealth        | |  4.8

Action                   |  1- 3 |  4- 6 || total
-------------------------+-------+-------++-------
Melee: Dagger            |    10 |    17 ||    27
Throw: Dart              |       |     2 ||     2
  Use: Potion            |     2 |     2 ||     4
Dodge: Dodged            |     2 |     6 ||     8

Table legend: (Time is in decaauts)
 A = Elapsed time spent in this place.
 B = Non-inter-level travel time spent in this place.
 C = Inter-level travel time spent in this place.
 D = Time resting spent in this place.
 E = Time spent auto-exploring this place.
 F = Levels seen in this place.
 G = Mean time per level.
                   A        B        C        D        E       F      G
               +--------+--------+--------+--------+--------+-----+--------+
         Total |     26 |     26 |      0 |      0 |      0 |   1 |   26.0 |
       Dungeon |     26 |     26 |      0 |      0 |      0 |   1 |   26.0 |
               +--------+--------+--------+--------+--------+-----+--------+

Top non-repeatable levels by time:
       D: 26 daAuts
